 Dungeon Crawl Stone Soup version 0.27-a0-1500-g450c7e4133 (webtiles) character file.

Game seed: 10505829150365823793

336 pokeman the Magician (level 6, -1/34 HPs)
             Began as a Deep Elf Hedge Wizard on July 7, 2021.
             Was a Believer of Vehumet.
             Slain by a queen bee (shapeshifter) (5 damage)
             ... on level 3 of the Dungeon.
             The game lasted 00:10:22 (4830 turns).

pokeman the Magician (Deep Elf Hedge Wizard)        Turns: 4830, Time: 00:10:22

Health: -1/34      AC:  4    Str:  7    XL:     6   Next: 28%
Magic:  2/18       EV: 12    Int: 21    God:    Vehumet [**....]
Gold:   106        SH:  0    Dex: 14    Spells: 7/19 levels left

rFire    . . .     SeeInvis .   n - +3 quarterstaff (chaos)
rCold    . . .     Faith    .   (shield currently unavailable)
rNeg     . . .     Spirit   .   k - +0 leather armour
rPois    .         Reflect  .   c - +0 hat
rElec    .         Harm     .   o - +0 cloak
rCorr    .         Rampage  .   (no gloves)
Will     .....                  (no boots)
Stlth    ++........             (no amulet)
HPRegen  0.11/turn              (no ring)
MPRegen  0.16/turn              (no ring)

@: no status effects
A: no striking features
a: Renounce Religion


You were on level 3 of the Dungeon.
You worshipped Vehumet.
Vehumet was pleased with you.
You visited 1 branch of the dungeon, and saw 3 of its levels.
You also visited: Sewer.

You collected 106 gold pieces.

Inventory:

Hand Weapons
 a - a +0 spear of flaming
 n - a +3 quarterstaff of chaos (weapon)
Missiles
 f - 18 bolts
 q - 28 arrows
Armour
 c - a +0 hat (worn)
 k - a +0 leather armour (worn)
 o - a +0 cloak (worn)
Jewellery
 g - a +4 ring of protection
Scrolls
 d - a scroll of fog {unknown}
 e - a scroll of acquirement {unknown}
 h - 2 scrolls of identify {unknown}
 l - a scroll of immolation {unknown}
 p - 2 scrolls of teleportation {unknown}
Potions
 b - a potion of might {unknown}
 i - a potion of magic {unknown}
 j - a potion of invisibility {unknown}
 m - a potion of curing {unknown}


   Skills:
 + Level 1.3 Fighting
 - Level 1.0 Armour
 - Level 3.0 Dodging
 - Level 3.0 Stealth
 * Level 7.0 Spellcasting
 + Level 3.2 Conjurations
 - Level 1.1 Summonings
 - Level 1.1 Translocations
 - Level 1.0 Fire Magic
 + Level 0.8 Air Magic
 - Level 1.0 Poison Magic


You had 7 spell levels left.
You knew the following spells:

 Your Spells              Type           Power      Damage    Failure   Level
a - Magic Dart            Conj           84%        1d7       3%          1
b - Mephitic Cloud        Conj/Pois/Air  14%        N/A       19%         3
c - Call Imp              Summ           12%        N/A       12%         2
d - Blink                 Tloc           N/A        N/A       12%         2
e - Conjure Flame         Conj/Fire      16%        6-21      16%         3
f - Foxfire               Conj/Fire      64%        2x1d7     5%          1

Your spell library contained the following spells:

 Spells                   Type           Power      Damage    Failure   Level
 Slow                     Hex            7%         N/A       19%         2


Dungeon Overview and Level Annotations

Branches:
Dungeon (3/15)              Sewer (visited)

Altars:
Vehumet


Message History

You feel sick.
Your crimson imp blinks!
The fire ignites!
Casting: Conjure Flame (quite dangerous; 16% risk of failure)
Confirm with . or Enter, or press ? or * to list all spells.
The spell is quite dangerous to cast (19% risk of failure)!
Continue anyway?
Aiming: Mephitic Cloud (quite dangerous; 19% risk of failure)
Press: ? - help, Shift-Dir - straight line, f - white imp, p - orc
Aim: a white imp (summoned, friendly, not susceptible)
The ball explodes into a vile cloud!
The stinking cloud engulfs your white imp but does no damage.
The stinking cloud engulfs the queen bee but does no damage.
You feel sick.
Unknown command.
Unknown command.
You feel sick. The queen bee stings your white imp!
You feel sick.
You are no longer poisoned.
The orc hits the orc with a +0 club.
The orc is killed!
Vehumet accepts your kill.
You feel your power returning.
You hear a splash.
The queen bee barely misses your white imp.
Casting: Mephitic Cloud (quite dangerous; 19% risk of failure)
Confirm with . or Enter, or press ? or * to list all spells.
The spell is quite dangerous to cast (16% risk of failure)!
Continue anyway?
The fire begins to smoulder!
The queen bee stings your white imp!
Your white imp dies!
Unknown command.
The queen bee stings your crimson imp.
The fire ignites!
The orc priest splashes around in the water.
Your crimson imp blinks!
The orc priest splashes around in the water.
The queen bee is engulfed in blazing flames.
You hit the queen bee. You burn the queen bee.
The queen bee is moderately wounded.
The queen bee is engulfed in blazing flames.
The queen bee stings you.
You die...

######### #.......#
###..####.#######
#.y@.5..........#
#§#######....##.#
#o#≈≈≈≈≈#..# ##.##
##.†))o≈≈#..# ...#
#..#≈≈o≈≈#..####..#
#..#######........#
#...........#####.#
#......#..##### #.#
....##.#.#.## #.#


You could see a queen bee shaped shifter (ally target), an orc priest
(confused), 2 orcs and a friendly crimson imp (summoned).

Vanquished Creatures
  A bullfrog (Sewer)
  A hound (D:2)
  Crazy Yiuf (D:2)
  11 adders
  A worm (D:2)
  A dart slug (D:2)
  3 orcs
  15 endoplasms
  16 giant cockroaches
  2 goblins
  4 hobgoblins
  6 jackals
  12 quokkas (Sewer)
  12 ball pythons
  2 bats (D:1)
  14 frilled lizards
  A kobold (D:2)
  A rat (D:2)
104 creatures vanquished.

Vanquished Creatures (collateral kills)
  An adder (D:3)
1 creature vanquished.

Grand Total: 105 creatures vanquished

Notes
Turn   | Place    | Note
-------+----------+-------------------------------------------
     0 | D:1      | pokeman the Deep Elf Hedge Wizard began the quest for the
                  | Orb.
     0 | D:1      | Reached XP level 1. HP: 10/10 MP: 7/7
   772 | D:1      | Reached XP level 2. HP: 16/16 MP: 5/9
   922 | D:1      | Found a faded altar of an unknown god.
  1288 | D:2      | Reached skill level 5 in Spellcasting
  1536 | D:2      | Reached XP level 3. HP: 20/20 MP: 7/11
  1952 | D:2      | Reached skill level 1 in Fighting
  1952 | D:2      | Reached skill level 1 in Armour
  1958 | D:2      | Learned a level 3 spell: Mephitic Cloud
  1961 | D:2      | Learned a level 2 spell: Call Imp
  1964 | D:2      | Learned a level 2 spell: Blink
  1968 | D:2      | Learned a level 3 spell: Conjure Flame
  2118 | D:2      | Reached XP level 4. HP: 25/25 MP: 7/13
  2268 | D:2      | Found a runed translucent door.
  2269 | D:2      | Noticed Crazy Yiuf
  2282 | D:2      | Killed Crazy Yiuf
  2767 | D:3      | Found a radiant altar of Vehumet.
  2774 | D:3      | Became a worshipper of Vehumet
  2808 | D:3      | Noticed an ogre
  2877 | D:3      | Found a glowing drain.
  2907 | Sewer    | Entered a sewer
  3268 | Sewer    | Reached skill level 6 in Spellcasting
  3268 | Sewer    | Reached XP level 5. HP: 29/29 MP: 9/15
  3700 | Sewer    | Reached * piety under Vehumet
  3700 | Sewer    | Offered knowledge of Freeze by Vehumet.
  4202 | Sewer    | Reached skill level 1 in Poison Magic
  4574 | Sewer    | Reached skill level 1 in Fire Magic
  4615 | Sewer    | Reached XP level 6. HP: 34/34 MP: 9/17
  4713 | Sewer    | Reached ** piety under Vehumet
  4721 | Sewer    | Offered knowledge of Foxfire by Vehumet.
  4722 | Sewer    | Reached skill level 7 in Spellcasting
  4724 | Sewer    | Learned a level 1 spell: Foxfire
  4813 | D:3      | Noticed a shapeshifter
  4813 | D:3      | an adder changed into a shapeshifter
  4813 | D:3      | Noticed a queen bee
  4813 | D:3      | a shapeshifter changed into a queen bee
  4830 | D:3      | Slain by a queen bee (shapeshifter)

Illustrated notes

Levels and vault maps discovered:
D:1:      mrwooster_arrival_statue_3, layout_loops_ring,
          shapermc_ecumenical_altar_starsandcircs
D:2:      layout_basic, uniq_crazy_yiuf_cottage
D:3:      layout_loops_cross, mainiacjoe_overflow_chevrons,
          nicolae_qazlal_style_of_elements, gup_sewer_entry_glass

Skill      XL: |  1  2  3  4  5  6 |
---------------+-------------------+-----
Spellcasting   | 5 6 7 |  7.0
Fighting       | 1 |  1.3
Armour         | 1 |  1.0
Conjurations   | 2 3 |  3.2
Stealth        | 3 |  3.0
Dodging        | 3 |  3.0
Poison Magic   | 1 |  1.0
Fire Magic     | 1 |  1.0
Summonings     | |  1.1
Translocations | |  1.1
Air Magic      | |  0.8

Action                   |  1- 3 |  4- 6 || total
-------------------------+-------+-------++-------
Melee: Dagger            |     7 |       ||     7
       Spear             |     5 |     3 ||     8
       Quarterstaff      |       |    21 ||    21
 Cast: Magic Dart        |    76 |   195 ||   271
       Mephitic Cloud    |       |     6 ||     6
       Conjure Flame     |       |     3 ||     3
       Call Imp          |       |     2 ||     2
       Blink             |       |     1 ||     1
 Stab: Sleeping          |       |     1 ||     1
Armor: Robe              |     3 |       ||     3
       Leather armour    |     5 |    14 ||    19
Dodge: Dodged            |    16 |    47 ||    63

Table legend: (Time is in decaauts)
 A = Elapsed time spent in this place.
 B = Non-inter-level travel time spent in this place.
 C = Inter-level travel time spent in this place.
 D = Time resting spent in this place.
 E = Time spent auto-exploring this place.
 F = Levels seen in this place.
 G = Mean time per level.
                   A        B        C        D        E       F      G
               +--------+--------+--------+--------+--------+-----+--------+
         Total |   4895 |   4729 |    166 |    332 |   3701 |   4 | 1223.8 |
       Dungeon |   2940 |   2774 |    166 |     43 |   2325 |   3 |  980.0 |
         Sewer |   1955 |   1955 |      0 |    289 |   1376 |   1 | 1955.0 |
               +--------+--------+--------+--------+--------+-----+--------+

Top non-repeatable levels by time:
   Sewer: 1955 daAuts
     D:2: 1506 daAuts
     D:1: 1293 daAuts
     D:3: 139 daAuts
